 Dungeon Crawl Stone Soup version 0.26-a0-638-gcca6ad1b57 (webtiles) character file.

Game seed: 8541085724405260419

469 Kaptain the Sneak (level 7, -10/41 HPs)
             Began as an Octopode Transmuter on Sept 14, 2020.
             Mangled by an ogre
             ... wielding a +0 giant spiked club
              (22 damage)
             ... on level 5 of the Dungeon.
             The game lasted 00:13:47 (5564 turns).

Kaptain the Sneak (Octopode Transmuter)             Turns: 5564, Time: 00:13:48

Health: -10/41     AC:  1    Str:  9    XL:     7   Next: 9%
Magic:  11/12      EV: 14    Int: 17    God:
Gold:   243        SH:  5    Dex: 13    Spells: 6/12 levels left

rFire    . . .     SeeInvis .     - Unarmed
rCold    . . .     Faith    .   (no shield)
rNeg     . . .     Spirit   .   (helmet currently unavailable)
rPois    .         Reflect  +   i - amulet of reflection
rElec    .         Harm     .   (no ring)
rCorr    .         Rampage  .   (no ring)
MR       .....                  (no ring)
Stlth    ++++......             (no ring)
HPRegen  0.13/turn              (no ring)
MPRegen  0.13/turn              (no ring)
                                (no ring)
                                (no ring)

@: appendages
A: almost no armour, stealthy swim, amphibious, 8 rings, constrict 8, tentacle
spike 3, camouflage 1, frail 1, gelatinous body 1
a: End Transformation


You were on level 5 of the Dungeon.
One of your tentacles had a temporary spike.
You visited 2 branches of the dungeon, and saw 6 of its levels.

You collected 243 gold pieces.

Inventory:

Hand Weapons
 b - a +0 short sword
 f - a +0 trident
 r - a +0 short sword
Missiles
 j - 185 stones (quivered)
Jewellery
 i - an amulet of reflection (around mantle)
 k - an uncursed ring of teleportation
Wands
 p - a wand of polymorph (7)
Scrolls
 a - 3 scrolls of magic mapping
 d - 6 scrolls of identify
 e - 2 scrolls of remove curse
 g - 3 scrolls of teleportation {unknown}
 h - a scroll of blinking {unknown}
 o - a scroll of immolation
 t - a scroll of enchant armour {unknown}
Potions
 c - a potion of might
 l - a potion of lignification
 m - 2 potions of curing {unknown}
 n - a potion of magic {unknown}
 q - a potion of ambrosia {unknown}
 s - a potion of resistance {unknown}
 u - a potion of haste {unknown}
 v - a potion of flight {unknown}


   Skills:
 * Level 3.0 Fighting
 * Level 3.1 Dodging
 * Level 4.2 Stealth
 + Level 3.9 Unarmed Combat
 * Level 3.3 Spellcasting
 * Level 3.5 Transmutations


You had 6 spell levels left.
You knew the following spells:

 Your Spells              Type           Power        Failure   Level
a - Beastly Appendage     Tmut           ###...       3%          1
b - Blade Hands           Tmut           ###.......   71%         5

Your spell library contained the following spells:

 Spells                   Type           Power        Failure   Level
 Wereblood                Tmut           ###.....     6%          2
 Spider Form              Tmut/Pois      #.........   24%         3
 Ice Form                 Ice/Tmut       #.......     63%         4


Dungeon Overview and Level Annotations

Branches:
Dungeon (5/15)             Temple (1/1) D:5

Altars:
Ashenzari
Cheibriados
Dithmenos
Elyvilon
Fedhas
Gozag
Hepliaklqana
Kikubaaqudgha
Makhleb
Okawaru
Qazlal
Ru
Sif Muna
Trog
Uskayaw
Vehumet
Wu Jian
Xom
Yredelemnul
Zin
The Shining One


Innate Abilities, Weirdness & Mutations

You cannot wear most types of armour.
You are very stealthy in the water. (Stealth+)
You are amphibious.
You can wear up to eight rings at the same time.
You can use your tentacles to constrict eight enemies at once.
Your skin changes colour to match your surroundings (Stealth+).
Your rubbery body absorbs attacks. (AC +1, EV +1)
One of your tentacles bears a large vicious spike.
You are frail. (-10% HP)


Message History

There is a stone staircase leading up here.
Things that are here:
an uncursed amulet of inaccuracy; an uncursed amulet of faith Your tentacle spike disappears.
There is a stone staircase leading up here.
Casting: Beastly Appendage (safe; 3% risk of failure)
Confirm with . or Enter, or press ? or * to list all spells.
One of your tentacles grows a vicious spike.
The ogre hits you with a +0 giant spiked club!
* * * LOW HITPOINT WARNING * * *
You tentacle-slap the ogre. You squeeze the ogre.
The ogre is moderately wounded.
You closely miss the ogre.
The ogre is moderately wounded.
The ogre closely misses you.
You tentacle-slap the ogre.
The ogre is heavily wounded.
The ogre hits you with a +0 giant spiked club!!
Ouch! That really hurt!
You die...

######### #####.......#
......#####.#
........###.####
#..).........<.##
#.#####.###.....# #.##
#.###.....######## ...#
#........O@....... #..#
##.....#..#######. #..#
#.###.#<.# #..# #.#
#.#..# ...# #.# #.#..#
##.# #.# #.#..#
#.#####.###.#..#######.
#.##........#..........
##.##.##.#####.########.


You could see an ogre.

Vanquished Creatures
  A phantom (D:4)
  An ogre (D:5)
  A hound (D:5)
  An iguana (D:3)
  Jessica (D:2)
  Terence (D:3)
  A hound skeleton (D:4)
  3 gnolls (D:2)
  5 adders
  A white imp (D:5)
  4 worms
  2 dart slugs (D:1)
  3 leopard geckos
  An orc (D:4)
  A ball python (D:3)
  4 bats
  5 giant cockroaches
  9 goblins
  7 hobgoblins
  2 jackals (D:3)
  4 quokkas
  5 frilled lizards
  A goblin skeleton (D:5)
  A goblin zombie (D:5)
  4 hobgoblin zombies (D:5)
  A jackal skeleton (D:5)
  6 kobolds
  A kobold skeleton (D:5)
  3 kobold zombies (D:5)
  An orc skeleton (D:5)
  7 rats
88 creatures vanquished.

Notes
Turn   | Place    | Note
-------+----------+-------------------------------------------
     0 | D:1      | Kaptain the Octopode Transmuter began the quest for the
                  | Orb.
     0 | D:1      | Reached XP level 1. HP: 13/13 MP: 3/3
   181 | D:1      | Reached XP level 2. HP: 15/18 MP: 3/5
   526 | D:1      | Reached skill level 1 in Stealth
   568 | D:1      | Reached XP level 3. HP: 23/23 MP: 4/6
  1016 | D:2      | Found a shadowy altar of Dithmenos.
  1057 | D:2      | Reached XP level 4. HP: 25/29 MP: 5/7
  1066 | D:2      | Reached skill level 2 in Stealth
  1778 | D:2      | Noticed Jessica
  1805 | D:2      | Killed Jessica
  1967 | D:2      | Reached XP level 5. HP: 16/34 MP: 7/9
  2700 | D:3      | Reached skill level 3 in Stealth
  3128 | D:3      | Noticed Terence
  3135 | D:3      | Killed Terence
  3725 | D:4      | Reached XP level 6. HP: 41/41 MP: 8/10
  3732 | D:4      | Learned a level 5 spell: Blade Hands
  3780 | D:4      | Noticed a phantom
  3829 | D:4      | Killed a phantom
  4363 | D:5      | Entered Level 5 of the Dungeon
  4457 | D:5      | Gained mutation: You are frail. (-10% HP) [mutagenic glow]
  4464 | D:5      | Found a staircase to the Ecumenical Temple.
  4470 | D:5      | Reached skill level 4 in Stealth
  4721 | Temple   | Entered the Ecumenical Temple
  4995 | D:5      | Reached XP level 7. HP: 26/41 MP: 11/11
  5158 | D:5      | Found a glowing golden altar of the Shining One.
  5455 | D:5      | Found a faded altar of an unknown god.
  5455 | D:5      | Found a hazy altar of Hepliaklqana.
  5460 | D:5      | Found a faded altar of an unknown god.
  5462 | D:5      | Found a shimmering altar of Xom.
  5463 | D:5      | Found an ancient bone altar of Kikubaaqudgha.
  5564 | D:5      | Mangled by an ogre

Illustrated notes

Levels and vault maps discovered:
D:1:      scummos_arrival_simple_crosswalls, layout_basic
D:2:      layout_basic, nicolae_overflow_hidden_temple, uniq_jessica
D:3:      layout_basic, uniq_terence
D:4:      layout_loops_cross
D:5:      layout_loops_ring, chequers_temple_overflow_minitemple, temple_green,
          hangedman_decor_diamond_cutter, nicolae_tso_besieged_by_evil
Temple:   minmay_temple_bridge_d

Skill      XL: |  1  2  3  4  5  6 |
---------------+-------------------+-----
Stealth        | 1 2 3 4 |  4.2
Fighting       | 2 3 |  3.0
Transmutations | 3 |  3.5
Spellcasting   | 3 |  3.3
Dodging        | 3 |  3.1
Unarmed Combat | |  3.9

Action                   |  1- 3 |  4- 6 |  7- 9 || total
-------------------------+-------+-------+-------++-------
Melee: Unarmed           |    50 |   164 |    17 ||   231
       Kick              |    20 |    33 |     6 ||    59
       Constrict         |    17 |    32 |     6 ||    55
       Tentacles         |     9 |    28 |     5 ||    42
       Punch             |     1 |     2 |       ||     3
 Cast: Beastly Appendage |    20 |    34 |     9 ||    63
  Use: Scroll            |     3 |     4 |       ||     7
 Stab: Sleeping          |     2 |     5 |       ||     7
Armor: Skin              |     5 |     2 |     2 ||     9
Dodge: Dodged            |    23 |    63 |     6 ||    92
Block: Other             |     3 |    23 |     3 ||    29

Table legend: (Time is in decaauts)
 A = Elapsed time spent in this place.
 B = Non-inter-level travel time spent in this place.
 C = Inter-level travel time spent in this place.
 D = Time resting spent in this place.
 E = Time spent auto-exploring this place.
 F = Levels seen in this place.
 G = Mean time per level.
                   A        B        C        D        E       F      G
               +--------+--------+--------+--------+--------+-----+--------+
         Total |   5549 |   5420 |    129 |   1698 |   2846 |   6 |  924.8 |
       Dungeon |   5317 |   5196 |    121 |   1698 |   2624 |   5 | 1063.4 |
        Temple |    231 |    223 |      8 |      0 |    222 |   1 |  231.0 |
               +--------+--------+--------+--------+--------+-----+--------+

Top non-repeatable levels by time:
     D:2: 1484 daAuts
     D:3: 1179 daAuts
     D:1: 962 daAuts
     D:4: 890 daAuts
     D:5: 801 daAuts
  Temple: 231 daAuts
